Map: Berlingrad LE

Players

DimitriKrups

  • Race: Terran Terran
  • League: Platinum

FreakshowDNA - Winner!

  • Race: Zerg Zerg
  • League: Platinum

VOD

Have the link to the VOD?

Description

Time

  • Played on: Oct. 21, 2021, 6:52 p.m.
  • Length: 17:53
Show
View Real Time Build Order
Export as new Build Order

DimitriKrups Terran 

Build Orders:  

Get SALT Encoding   

  12  0:00  SCV  
  13  0:12  SCV  
  14  0:19  Supply Depot  
  14  0:24  SCV  
  15  0:41  SCV  
  16  0:43  Barracks  
  16  0:46  Refinery  
  16  0:53  SCV  
  17  1:05  SCV  
  18  1:17  SCV  
  19  1:29  SCV  
  19  1:32  Marine  
  21  1:38  Command Center  
  21  1:45  Orbital Command  
  21  1:56  Supply Depot  
  21  2:09  Factory  
  21  2:13  Marine  
  22  2:23  Refinery  
  22  2:28  Barracks  
  22  2:36  Marine  
  23  2:50  Orbital Command  
  22  2:53  Factory Tech Lab  
  22  2:58  Starport, SCV  
  23  3:10  SCV  
  23  3:11  Barracks Reactor  
  24  3:24  Factory Reactor  
  24  3:25  SCV x2  
  24  3:27  Stimpack  
  26  3:28  Marine  
  27  3:36  Starport Reactor  
  27  3:42  SCV x2  
  27  3:46  Marine  
  27  3:48  Marine x2  
  32  3:54  SCV x2  
  34  3:57  Armory  
  34  4:02  Widow Mine x2  
  38  4:04  Marine  
  38  4:06  SCV  
  40  4:15  Refinery  
  40  4:16  SCV  
  41  4:18  SCV, Refinery  
  41  4:19  Marine x2  
  44  4:28  SCV  
  45  4:31  Supply Depot  
  45  4:33  SCV  
  46  4:46  Supply Depot x2  
  46  4:52  Medivac  
  46  4:53  SCV x2  
  46  4:54  Barracks  
  46  4:55  Supply Depot  
  50  5:00  Supply Depot  
  50  5:02  Marine x2  
  50  5:05  SCV  
  50  5:06  Combat Shield  
  53  5:11  SCV  
  54  5:17  SCV, Medivac  
  57  5:22  Widow Mine  
  57  5:23  SCV  
  60  5:29  SCV  
  60  5:33  Bunker  
  60  5:35  Marine x2, SCV  
  61  5:36  Supply Depot  
  61  5:41  SCV  
  65  5:53  Widow Mine x2  
  65  5:54  Marine x2, Marauder, Barracks Reactor  
  65  5:56  SCV  
  74  6:04  SCV, Supply Depot  
  74  6:08  SCV, Medivac  
  78  6:12  Marine  
  78  6:15  Marauder  
  78  6:16  SCV  
  78  6:28  Marine  
  78  6:30  Marine  
  80  6:36  Marauder  
  80  6:44  Marine x2  
  80  6:46  Marine, Widow Mine x2  
  86  6:48  Marine  
  83  6:55  SCV x2  
  83  6:58  Marauder  
  83  7:00  Command Center  
  87  7:02  Marine x2  
  87  7:03  Marine  
  87  7:06  Engineering Bay  
  87  7:07  SCV, Widow Mine  
  87  7:08  SCV  
  94  7:16  Factory  
  94  7:19  SCV, Marauder  
  94  7:20  Barracks  
  92  7:50  Marine x2  
  92  7:51  Marine, Marauder, Widow Mine  
  94  7:52  Medivac x2, Widow Mine  
  102  8:00  Missile Turret  
  102  8:02  Missile Turret, Neosteel Armor, Barracks  
  102  8:05  Command Center  
  102  8:08  Barracks Tech Lab  
  102  8:11  Factory Tech Lab  
  102  8:13  Widow Mine  
  104  8:22  Medivac  
  106  8:31  Concussive Shells  
  106  8:36  Supply Depot  
  106  8:38  Missile Turret, Supply Depot  
  106  8:42  Supply Depot, Missile Turret  
  106  8:45  Supply Depot  
  106  8:46  Missile Turret  
  106  8:48  Orbital Command  
  106  8:49  Supply Depot  
  106  8:52  SCV x2  
  106  8:54  Barracks Reactor  
  108  9:01  Drilling Claws, Widow Mine x3  
  114  9:04  SCV x2  
  116  9:14  SCV  
  116  9:15  Refinery  
  116  9:16  Marine x4, SCV x2, Marauder x2  
  127  9:22  Widow Mine  
  127  9:23  Engineering Bay  
  129  9:24  Refinery  
  129  9:27  SCV  
  129  9:28  SCV x2  
  132  9:39  SCV  
  132  9:44  Orbital Command  
  133  9:46  Marine x2, Marauder  
  133  9:48  Terran Infantry Armor Level 1  
  133  9:50  Terran Infantry Weapons Level 1  
  133  9:51  Terran Vehicle And Ship Armor Level 1  
  137  9:56  Ghost Academy  
  137  9:57  Ghost Academy  
  137  10:08  Barracks  
  137  10:12  Missile Turret  
  137  10:18  Supply Depot  
  137  10:27  SCV x2, Supply Depot  
  139  10:28  Missile Turret  
  139  10:29  Marine, Marauder  
  139  10:30  Marine, Marauder, Medivac x2  
  139  10:35  Supply Depot  
  149  10:38  Missile Turret  
  149  10:39  Supply Depot  
  149  10:43  Sensor Tower  
  149  10:49  Orbital Command  
  149  10:51  Command Center, Marauder  
  149  10:52  Personal Cloaking  
  149  10:53  Enhanced Shockwaves  
  149  10:57  Supply Depot  
  151  10:58  Barracks Tech Lab  
  151  11:00  Medivac  
  151  11:01  Marauder  
  155  11:11  Ghost  
  155  11:15  Widow Mine x3  
  163  11:19  Marine x5  
  168  11:32  Marine x3  
  167  11:37  Marine x3  
  163  11:40  Marine, Widow Mine  
  163  11:41  Widow Mine x2  
  169  11:49  Marine  
  149  11:56  Orbital Command  
  149  12:01  Marine, Barracks Reactor  
  132  12:02  Marine x3, Marauder, Widow Mine  
  138  12:26  Marauder  
  138  12:27  Marine x2, Marauder, Medivac  
  138  12:28  Medivac  
  148  12:31  Widow Mine x3  
  154  12:46  Marine  
  154  12:48  Marauder x2  
  159  12:52  Widow Mine  
  159  12:53  Widow Mine x2  
  159  12:57  Medivac  
  159  12:58  Medivac  
  168  13:08  Ghost  
  168  13:09  Ghost  
  132  13:13  Widow Mine  
  132  13:14  Widow Mine x2  
  107  13:27  Medivac  
  107  13:33  Marine  
  104  13:34  Marine x7  
  104  13:38  Marauder x2  
  106  13:44  Orbital Command  
  94  13:51  Marine  
  94  13:52  Marine x7  
  96  13:59  Marauder x2  
  96  14:09  Marine x2  
  91  14:10  Marine x6  
  91  14:11  Orbital Command  
  96  14:20  SCV x3  
  96  14:21  Marauder x2  
  103  14:27  Marine x7  
  103  14:28  Marine  
  105  14:32  SCV  
  105  14:36  Widow Mine x3  
  112  14:42  Marauder x2  
  116  14:53  Command Center  
  116  14:58  Widow Mine x3  
  122  15:03  Marauder x2  
  84  15:30  Marine x2, Marauder x2  
  84  15:31  Marine  
  91  15:36  SCV x2  
  91  15:38  Factory Tech Lab  
  91  15:41  Missile Turret  
  93  15:47  Command Center  
  93  15:51  Orbital Command, Marauder x2  
  97  15:59  Infernal Pre-Igniter  
  97  16:10  Nuke  
  97  16:11  Nuke  
  97  16:12  Marauder  
  97  16:13  Marauder  
  97  16:14  Orbital Command  
  101  16:19  Refinery  
  101  16:20  Refinery  
  101  16:27  SCV  
  101  16:28  SCV x2  
  104  16:34  Marauder x2  
  100  16:45  Widow Mine  
  100  16:46  Widow Mine  
  98  16:52  Marine x6  
  81  16:55  Marine, Marauder  
  58  17:09  Marine  
  58  17:10  Marine x5  
  58  17:13  Marine  
  63  17:16  Marine  
  63  17:20  Marine  
  63  17:21  Marine  
  64  17:27  Marine  
  64  17:28  Marine x5, Widow Mine  
  64  17:29  Widow Mine  
  74  17:30  Marine  
  74  17:34  Marine  
Show
View Real Time Build Order
Export as new Build Order

FreakshowDNA Zerg - Winner!

Build Orders: Hatch First, Muta Ling Bane 

Get SALT Encoding   

  12  0:00  Drone  
  13  0:13  Overlord  
  13  0:18  Drone  
  14  0:32  Drone  
  14  0:33  Drone  
  16  0:49  Hatchery  
  15  0:53  Drone  
  15  0:56  Drone  
  17  0:59  Drone  
  17  1:03  Extractor  
  17  1:17  Spawning Pool  
  16  1:18  Drone  
  16  1:22  Drone  
  18  1:33  Drone  
  19  1:40  Drone  
  20  1:50  Overlord  
  20  2:03  Queen  
  20  2:04  Queen  
  20  2:05  Metabolic Boost  
  24  2:09  Zergling x2  
  24  2:10  Zergling x2  
  26  2:18  Drone x2  
  28  2:24  Drone x2  
  30  2:34  Drone x2  
  32  2:51  Hatchery  
  32  2:54  Queen  
  32  2:56  Overlord  
  33  3:10  Drone x3  
  33  3:12  Overlord  
  36  3:17  Drone x4  
  36  3:19  Drone  
  41  3:21  Drone  
  41  3:23  Drone  
  43  3:45  Overlord x2, Extractor  
  42  3:51  Drone  
  42  3:52  Drone  
  44  3:58  Lair  
  44  4:01  Baneling Nest  
  43  4:03  Drone x2  
  43  4:04  Drone  
  43  4:05  Drone  
  43  4:06  Drone x2  
  49  4:11  Queen  
  51  4:20  Zergling x10  
  51  4:21  Zergling x2  
  57  4:25  Drone x4  
  57  4:30  Drone  
  62  4:46  Zergling x8  
  62  4:49  Overlord x2  
  66  4:59  Centrifical Hooks  
  66  5:00  Spire  
  66  5:01  Drone  
  66  5:17  Drone  
  66  5:18  Drone x5  
  66  5:19  Drone x2  
  66  5:20  Zergling x12  
  80  5:22  Baneling x2  
  80  5:23  Baneling x3  
  80  5:31  Zergling x2, Drone  
  80  5:32  Zergling x2, Hatchery  
  82  5:35  Overlord  
  82  5:36  Overlord x2  
  82  5:47  Overlord x2  
  82  5:53  Queen x3  
  88  6:02  Baneling x2  
  88  6:09  Extractor  
  88  6:10  Extractor x2  
  85  6:11  Extractor  
  83  6:27  Overseer  
  81  6:44  Spore Crawler  
  76  6:55  Zergling x2  
  76  6:56  Zergling x50  
  98  7:09  Overseer  
  98  7:25  Pneumatized Carapace, Overseer  
  98  7:28  Drone  
  98  7:29  Drone x3  
  102  7:30  Drone x2  
  102  7:32  Drone x2  
  101  7:41  Drone x6  
  98  7:57  Zerg Flyer Weapons Level 1  
  98  7:59  Mutalisk x4  
  98  8:04  Drone x7  
  113  8:07  Baneling  
  113  8:08  Baneling x3  
  113  8:35  Spine Crawler  
  113  8:36  Spore Crawler, Drone x3  
  113  8:37  Drone x2  
  113  8:38  Spine Crawler  
  115  8:43  Mutalisk x2  
  115  8:44  Evolution Chamber  
  115  8:46  Evolution Chamber  
  117  8:49  Overlord x9  
  117  8:53  Hatchery x2  
  115  9:03  Queen  
  117  9:11  Mutalisk  
  117  9:12  Mutalisk x3  
  125  9:18  Zergling x6  
  125  9:19  Zergling x8  
  125  9:21  Baneling  
  125  9:22  Baneling x6  
  132  9:25  Zerg Melee Weapons Level 1  
  132  9:38  Extractor  
  132  9:43  Extractor  
  132  9:44  Zergling x2  
  132  9:45  Zergling x28  
  145  9:49  Baneling  
  145  9:50  Baneling x2  
  145  9:51  Zerg Ground Armor Level 1  
  145  9:56  Mutalisk x3  
  151  10:03  Drone x2  
  153  10:17  Drone  
  153  10:18  Drone x5  
  153  10:19  Drone x3  
  163  10:21  Drone x3  
  163  10:25  Zergling x2  
  163  10:26  Zergling x12  
  172  10:44  Overseer  
  172  10:48  Drone x5  
  172  10:49  Drone  
  178  10:54  Roach Warren  
  178  10:55  Hydralisk Den, Infestation Pit, Drone x3  
  178  11:00  Drone x2  
  178  11:02  Zergling x30, Evolution Chamber  
  178  11:03  Zergling x2  
  148  11:53  Zergling x2  
  148  11:54  Zergling x28, Mutalisk x11  
  152  12:19  Mutalisk x7  
  152  12:20  Mutalisk x2  
  167  12:27  Overseer  
  167  12:28  Overseer  
  166  12:31  Baneling  
  166  12:32  Baneling x12  
  166  12:34  Zergling x30  
  181  12:49  Zergling x2  
  181  12:50  Overlord x7, Zergling x6  
  151  13:16  Zergling x10  
  151  13:17  Zergling x26  
  154  13:38  Zergling x2  
  154  13:39  Zergling x20  
  160  13:43  Drone x4  
  160  13:45  Muscular Augments, Zerg Melee Weapons Level 2  
  160  13:46  Zerg Ground Armor Level 2  
  160  13:47  Glial Reconstitution, Zerg Missile Weapons Level 1  
  152  13:49  Hive  
  152  13:54  Lurker Den  
  135  14:13  Mutalisk  
  135  14:14  Zergling x2, Mutalisk x6  
  135  14:15  Zergling x24  
  158  14:26  Hatchery  
  153  14:42  Drone x5  
  153  14:44  Extractor  
  153  14:45  Extractor  
  154  14:46  Hatchery  
  154  14:47  Baneling x2  
  154  14:48  Baneling x13  
  154  14:49  Roach  
  154  14:50  Roach x12  
  154  14:52  Hatchery  
  177  14:56  Grooved Spines  
  130  15:30  Zergling x6  
  130  15:31  Overseer, Zergling x42  
  154  15:39  Zergling x4  
  156  15:48  Ravager x5  
  156  15:49  Ravager x8  
  169  15:59  Zergling x2, Drone x3  
  169  16:00  Zergling x28  
  169  16:03  Baneling x4  
  169  16:04  Baneling x22  
  187  16:13  Zergling x20  
  197  16:18  Adrenal Glands  
  185  16:50  Zergling x30  
  197  16:59  Mutalisk  
  197  17:00  Mutalisk x2  
  196  17:22  Mutalisk x2  
  196  17:23  Mutalisk  
  198  17:35  Baneling  
  198  17:36  Baneling x11  
Tags
 
Add a new tag
Caveats
  • Supply blocks, unpowered buildings, or Contaminate may cause inaccurate times.
  • Supply counts are checked every 10 seconds.